cohdb
Replays
Latest Replays
All Replays
Popular Replays
Top Player Replays
Match Explorer
How It Works
Community
CoH3 Stats
Reddit
Sign in to upload your games and track your stats! →
Sign in with Steam
Match 42813879
Unlisted
Match 42813879
Overview
Messages
Build Orders
End
Construct Infanterie Kompanie
Grenadier Squad
MG 42 Machine Gun Team
Grenadier Squad
GrW 34 Mortar Team
Medical Station
Construct Panzergrenadier Kompanie
Pak 40 Anti-tank Gun Team
Selects Luftwaffe Battlegroup
Selects Luftwaffe Pioneer Support
Selects Stuka Strafing Run
Selects Fallschirmjäger Squad Paradrop
Fallschirmjäger Squad Paradrop
Support Elements
BUBBA_ACTUAL
JollyRedRockett
dominguezpersantiago
StormblasT
Colonel Phreeze
Adam Mackiewicz
0
0
Comments
sign in to comment!
No comments posted yet!